 Dungeon Crawl Stone Soup version 0.31-a0-232-gb1c03b2570 (webtiles) character file.

Game seed: 14037929164950305914

154 qw the Shooter (level 5, -5/45 HPs)
             Began as a Minotaur Hexslinger on July 7, 2023.
             Slain by a river rat (8 damage)
             ... in a sewer.
             The game lasted 00:01:11 (2268 turns).

qw the Shooter (Minotaur Hexslinger)                Turns: 2268, Time: 00:01:12

Health: -5/45      AC: 11    Str: 12    XL:     5   Next: 13%
Magic:  5/5        EV: 11    Int: 10    God:
Gold:   224        SH:  0    Dex: 15    Spells: 5/6 levels left

rFire   . . .        Y - +1 sling
rCold   . . .        (no shield)
rNeg    . . .        i - +0 ring mail
rPois   .            (helmet restricted)
rElec   .            b - +0 cloak
rCorr   .            (no gloves)
SInv    .            e - +0 pair of boots
Will    .....        (no amulet)
Stlth   +            a - +4 ring of protection
HPRegen 0.27/turn    (no ring)
MPRegen 0.09/turn

%: no passive effects
@: about to teleport
A: horns 2, retaliatory headbutt
a: no special abilities


You were in a sewer.
You visited 1 branch of the dungeon, and saw 3 of its levels.
You also visited: Sewer.

You collected 224 gold pieces.


Innate Abilities, Weirdness & Mutations

You have a pair of horns on your head.
You reflexively headbutt those who attack you in melee.


   Skills:
 - Level 3.0 Fighting
 + Level 5.1 Ranged Weapons
 - Level 1.0 Armour
 - Level 2.1 Dodging
 - Level 1.0 Spellcasting
 - Level 2.0 Hexes


You had 5 spell levels left.
You knew the following spells:

 Your Spells              Type           Power      Damage    Failure   Level
a - Slow                  Hex            16%        N/A       34%         1

Your spell library contained the following spells:

 Spells                   Type           Power      Damage    Failure   Level
 Inner Flame              Hex/Fire       2%         N/A       83%         3
 Portal Projectile        Hex/Tloc       4%         N/A       83%         3
 Cause Fear               Hex            2%         N/A       98%         4

Inventory:

Hand Weapons
 Y - a +1 sling (weapon)
Armour
 b - a +0 cloak (worn)
 e - a +0 pair of boots (worn)
 i - a +0 ring mail (worn)
Jewellery
 a - a +4 ring of protection (left hand)
 j - a ring of fire
Scrolls
 c - 2 scrolls of identify
 l - a scroll of immolation {unknown}
Potions
 d - a potion of heal wounds {unknown}
 f - a potion of enlightenment {unknown}
 g - a potion of haste {unknown}
 h - a potion of brilliance {unknown}

Dungeon Overview and Level Annotations

Branches:
Dungeon (3/15)              Sewer (1/1)

Altars:
Elyvilon


Message History

You furiously retaliate!
You headbutt the river rat.
The river rat bites you but does no damage.
The river rat barely misses you. You furiously retaliate!
You headbutt the river rat. The river rat closely misses you.
The river rat bites you.
You shoot a sling bullet.
The sling bullet hits the river rat but does no damage.
The river rat is severely wounded.
The river rat bites you.
The river rat bites you but does no damage.
The river rat bites you. The river rat misses you.
You shoot a sling bullet.
The sling bullet hits the river rat but does no damage.
The river rat is severely wounded.
The river rat completely misses you. You furiously retaliate!
You headbutt the river rat. The river rat misses you. The river rat bites you!
The river rat bites you.
You shoot a sling bullet.
The sling bullet closely misses the river rat.
The river rat closely misses you. You furiously retaliate!
You headbutt the river rat! The river rat misses you.
The river rat barely misses you. The river rat bites you.
You shoot a sling bullet.
The sling bullet hits the river rat but does no damage.
The river rat is almost dead.
The river rat barely misses you. The river rat bites you.
The river rat bites you but does no damage.
The river rat closely misses you. The river rat bites you. x2
The river rat completely misses you.
The river rat bites you but does no damage.
2267 ||| READING scroll of teleportation.
As you read the scroll of teleportation, it crumbles to dust.
You feel strangely unstable.
The river rat bites you but does no damage. x2
The river rat barely misses you. You furiously retaliate!
You headbutt the river rat. The river rat misses you.
You shoot a sling bullet.
The sling bullet closely misses the river rat.
The river rat closely misses you. The river rat bites you!
You die...

#~~~~~~~~~~~~~~~
#~~~~~~%~~~%~~~.
#~~~####~~####~~
#~~.# #.~# #~~~#
#~.#
#.~w####..###
#~~.##.#..#.#
#~~~##.rr.'.#
#.~~##.r@.'.#
#~~~##.#r.#.#
#~~~## #..###
#~~~# #..# #~~~#
#..# #~~~# #..#
#.~~# +..+ #%~~#
+..+ #~~~#


You could see 4 river rats.

Vanquished Creatures
  6 adders
  4 worms
  5 dart slugs
  An orc (D:3)
  7 ball pythons
  7 endoplasms
  3 giant cockroaches
  6 goblins
  6 hobgoblins
  3 jackals (D:2)
  6 quokkas
  10 bats
  3 frilled lizards
  4 kobolds
  5 rats
76 creatures vanquished.

Notes
Turn   | Place    | Note
-------+----------+-------------------------------------------
     0 | D:1      | qw the Minotaur Hexslinger began the quest for the Orb.
     0 | D:1      | Reached XP level 1. HP: 16/16 MP: 1/1
     0 | D:1      | 0 ||| qw: Version: 0.3-a-46-gb1f654a
     0 | D:1      | 0 ||| qw: Game counter: 2455
     0 | D:1      | 0 ||| qw: Melee chars always use a shield: true
     0 | D:1      | 0 ||| qw: God list: Okawaru
     0 | D:1      | 0 ||| qw: Allow faded altars: false
     0 | D:1      | 0 ||| qw: Do Orc after clearing Dungeon:15 true
     0 | D:1      | 0 ||| qw: Do second Lair branch before Depths: true
     0 | D:1      | 0 ||| qw: Lair rune preference: random
     0 | D:1      | 0 ||| qw: Goals: Normal
     0 | D:1      | 0 ||| PLANNING D:1-11
    21 | D:1      | 21 ||| FLEEEEING.
    22 | D:1      | 22 ||| FLEEEEING.
    23 | D:1      | 23 ||| FLEEEEING.
    24 | D:1      | 24 ||| FLEEEEING.
    25 | D:1      | 25 ||| FLEEEEING.
   137 | D:1      | Reached skill level 3 in Ranged Weapons
   139 | D:1      | Reached XP level 2. HP: 23/23 MP: 2/2
   459 | D:1      | Reached XP level 3. HP: 29/29 MP: 3/3
   462 | D:1      | 462 ||| UPGRADING to +0 pair of boots.
   467 | D:1      | 467 ||| UPGRADING to +0 ring mail.
   477 | D:1      | 477 ||| DROPPING +0 robe.
   478 | D:1      | 478 ||| READING scroll labelled TIDUUXIMEF.
   481 | D:1      | 481 ||| DROPPING scroll of poison.
   576 | D:2      | Reached skill level 4 in Ranged Weapons
   769 | D:2      | Reached skill level 1 in Armour
  1063 | D:2      | Reached XP level 4. HP: 36/36 MP: 4/4
  1488 | D:2      | 1488 ||| UPGRADING to +0 cloak.
  1493 | D:2      | 1493 ||| UPGRADING to +4 ring of protection.
  1494 | D:2      | 1494 ||| READING scroll labelled OFEV ZERETA.
  1548 | D:3      | 1548 ||| PLANNING SEWER
  1686 | D:3      | Reached skill level 5 in Ranged Weapons
  1819 | D:3      | Found a white marble altar of Elyvilon.
  1913 | D:3      | HP: 8/37 [frozen (4)]
  1914 | D:3      | 1914 ||| READING scroll of teleportation.
  2068 | D:3      | Reached skill level 3 in Fighting
  2068 | D:3      | Found a glowing drain.
  2077 | Sewer    | Entered a sewer
  2088 | Sewer    | 2088 ||| Stepping ~*~*~tactically~*~*~ (water).
  2091 | Sewer    | Reached XP level 5. HP: 45/45 MP: 5/5
  2101 | Sewer    | 2101 ||| Stepping ~*~*~tactically~*~*~ (water).
  2188 | Sewer    | 2188 ||| Stepping ~*~*~tactically~*~*~ (water).
  2203 | Sewer    | 2203 ||| Stepping ~*~*~tactically~*~*~ (water).
  2211 | Sewer    | 2211 ||| Stepping ~*~*~tactically~*~*~ (water).
  2215 | Sewer    | 2215 ||| Stepping ~*~*~tactically~*~*~ (water).
  2266 | Sewer    | HP: 9/45 [river rat (6)]
  2266 | Sewer    | HP: 2/45 [river rat (6)]
  2267 | Sewer    | 2267 ||| READING scroll of teleportation.
  2268 | Sewer    | Slain by a river rat

Levels and vault maps discovered:
D:1:      dpeg_arrival_simpleton_c, layout_basic
D:2:      layout_loops_corners
D:3:      layout_basic, elyvilon_altar_4, portal_sewer_entry_d,
          reono_crystal_passage, dreamdust_wishing_well, minivault_27,
          grunt_ministairs_4, kennysheep_generic_room_7, uniq_crazy_yiuf_cottage
Sewer:    sewer_fruit_machine

Skill      XL: |  1  2  3  4 |
---------------+-------------+-----
Ranged Weapons | 3 4 5 |  5.1
Fighting       | 2 3 |  3.0
Armour         | 1 |  1.0
Dodging        | |  2.1
Spellcasting   | |  1.0
Hexes          | |  2.0

Action                     |  1- 3 |  4- 6 || total
---------------------------+-------+-------++-------
   Fire: Sling             |   109 |   160 ||   269
    Use: Scroll            |     1 |     3 ||     4
 Armour: Robe              |     1 |       ||     1
         Ring mail         |     5 |    51 ||    56
  Dodge: Dodged            |    18 |    63 ||    81

Table legend:
 A = Non-vault XP
 B = Vault XP
 C = Vault XP percentage of total XP
 D = Non-vault monster count
 E = Vault monster count
 F = Vault count percentage of total count
                 A         B        C        D         E       F
            +---------+---------+-------+---------+---------+-------
      Total |     160 |      60 |  27.3 |      60 |      16 |  21.1
            +---------+---------+-------+---------+---------+-------
        D:1 |      43 |       0 |   0.0 |      20 |       0 |   0.0
        D:2 |      85 |       0 |   0.0 |      27 |       0 |   0.0
        D:3 |      32 |      35 |  52.2 |      13 |       5 |  27.8
      Sewer |       0 |      25 | 100.0 |       0 |      11 | 100.0
            +---------+---------+-------+---------+---------+-------
